 Dungeon Sprint DCSS version 0.17-a0-1197-g2d00c63 (webtiles) character file.

3801 Kidiri the Unseen (level 9, -6/46 HPs)
             Began as a Spriggan Assassin on June 2, 2015.
             Was a Priest of Dithmenos.
             Mangled by a centaur warrior (16 damage)
             ... in the Dungeon (Sprint I: "Red Sonja").
             The game lasted 00:08:11 (1237 turns).

Kidiri the Unseen (Spriggan Assassin)               Turns: 1237, Time: 00:08:11

Health: -6/46      AC:  4    Str:  7    XL:     9   Next: 96%
Magic:  13/13      EV: 32    Int: 15    God:    Dithmenos [***...]
Gold:   672        SH:  0    Dex: 20    Spells: 0 memorised, 8 levels left

rFire  . . .     SeeInvis +     a - +2 dagger
rCold  . . .     Clarity  .     c - +0 robe
rNeg   . . .     SustAt   .     (shield restricted)
rPois  .         Gourm    .     (helmet restricted)
rElec  .         Spirit   .     o - +1 cloak {MR+}
rCorr  .         Warding  .     (gloves unavailable)
rMut   .         NoTele   +     (boots unavailable)
MR     ++...                    (no amulet)
Stlth  +++++++++.               (no ring)
                                (no ring)

@: very slightly contaminated, hasted, wreathed by umbra, very quick, very
resistant to hostile enchantments, incredibly stealthy
A: unfitting armour, see invisible, clever 1, herbivore 3, speed 3, frail 1,
slow metabolism 2
a: Shadow Step, Renounce Religion


You were in the Dungeon.
You worshipped Dithmenos.
Dithmenos was most pleased with you.
You were not hungry.

You visited 1 branch You collected 980 gold pieces.
You spent 308 gold pieces at shops.

Inventory:

Hand weapons
 a - a +2 dagger (weapon)
 b - a +0 blowgun
Missiles
 e - a poisoned needle
 f - 6 curare-tipped needles
Armour
 c - a +0 robe (worn)
 o - a +1 cloak of magic resistance (worn)
Magical devices
 p - a wand of slowing (12)
Scrolls
 d - a scroll of fog {unknown}
 n - a scroll of remove curse {unknown}
Potions
 h - a potion of curing
 k - 2 potions of magic
 l - a potion of berserk rage
Comestibles
 g - 3 bread rations


   Skills:
 * Level 8.8 Fighting
 * Level 11.1 Short Blades
 * Level 11.2 Throwing
 * Level 14.0 Dodging
 * Level 15.8 Stealth
 + Level 5.0 Invocations


You had 8 spell levels left.
You didn't know any spells.

Dungeon Overview and Level Annotations

Branches:
Dungeon (1/1)

Altars:
Cheibriados
Dithmenos
Elyvilon
Fedhas
Gozag
Kikubaaqudgha
Makhleb
Nemelex Xobeh
Okawaru
Qazlal
Ru
Sif Muna
Trog
Vehumet
Xom
Yredelemnul
Zin
The Shining One
Jiyva

Shops:
D !([

Annotations:
D exclusion: oklob plant


Innate Abilities, Weirdness & Mutations

You are tiny and cannot use many weapons and most armour.
You have supernaturally acute eyesight.
You are a herbivore.
You cover ground extremely quickly.
You need consume almost no food.
Your mind is acute. (Int +2)
You are frail (-10% HP).


Message History

The centaur warrior is heavily wounded.
The centaur warrior hits you!
* * * LOW HITPOINT WARNING * * *
Drink which item? (? for menu, Esc to quit)
You feel better. The centaur warrior barely misses you.
Drink which item? (? for menu, Esc to quit)
You feel better. The centaur warrior closely misses you.
The centaur warrior hits you.
Drink which item? (? for menu, Esc to quit)
You feel yourself speed up. The centaur warrior hits you!
You are very lightly contaminated with residual magic.
You hit the centaur warrior.
The centaur warrior is heavily wounded.
The centaur warrior hits you!
* * * LOW HITPOINT WARNING * * *
You hit the centaur warrior but do no damage.
The centaur warrior is heavily wounded.
Drink which item? (? for menu, Esc to quit)
You feel better. The centaur warrior hits you!
You die...

#############################
#<.#..'..#.)'..#__#..'..)#..#
#..'..#.)'..#..'..'..#...##'#
#..#####'#####'#__####)..'†.#
#..####..#...#(####!(#####.†+
#.†#__####..##)#§≈§§§#..##+##
#..#_..__##'#.@c§§§§.§§.#
#⌠⌠#_.∩...'...§#§§§§.#§.#
####_..._##_.#'##§#####'#
#_____###'#[#(..§###P'.
############.####'###[###.#
#∩^.......'...).....'[∩# .#
###++++####.).########## #
###.### #.#'#.#


You could see a centaur warrior.

Vanquished Creatures
  A centaur warrior (D)
  Sonja (D)
  A deep troll (D)
  4 demonic crawlers (D)
  2 kobold demonologists (D)
  A slime creature (D)
  Sigmund (D)
  A yak (D)
  An ogre (D)
  Ijyb (D)
  A jelly (D)
  A giant eyeball (D)
  A giant spore (D)
  4 ballistomycetes (D)
21 creatures vanquished.

Vanquished Creatures (others)
  A gargoyle (D)
  A giant spore (D)
2 creatures vanquished.

Grand Total: 23 creatures vanquished

Notes
Turn   | Place    | Note
--------------------------------------------------------------
     0 | D        | Kidiri the Spriggan Assassin began the quest for the Orb.
     0 | D        | Reached XP level 1. HP: 10/10 MP: 2/2
     2 | D        | Noticed Ijyb
    42 | D        | Killed Ijyb
    42 | D        | Reached skill level 7 in Stealth
    42 | D        | Reached XP level 2. HP: 8/16 MP: 3/3
   203 | D        | Noticed an ogre
   206 | D        | Killed an ogre
   206 | D        | Reached skill level 8 in Stealth
   206 | D        | Reached XP level 3. HP: 19/21 MP: 4/4
   206 | D        | Reached XP level 4. HP: 22/25 MP: 5/5
   217 | D        | Noticed Sigmund
   220 | D        | Killed Sigmund
   220 | D        | Reached skill level 10 in Stealth
   220 | D        | Reached XP level 5. HP: 25/30 MP: 6/6
   220 | D        | Reached XP level 6. HP: 29/35 MP: 7/7
   271 | D        | Found a snail-covered altar of Cheibriados.
   271 | D        | Found a viscous altar of Jiyva.
   271 | D        | Found a shadowy altar of Dithmenos.
   271 | D        | Found a blossoming altar of Fedhas.
   271 | D        | Noticed a slime creature
   274 | D        | Killed a slime creature
   274 | D        | Reached skill level 5 in Fighting
   274 | D        | Reached skill level 11 in Stealth
   276 | D        | Became a worshipper of Dithmenos the Shadowed
   291 | D        | Noticed a kobold demonologist
   292 | D        | Noticed a kobold demonologist
   294 | D        | Killed a kobold demonologist
   294 | D        | Reached skill level 10 in Dodging
   294 | D        | Reached skill level 12 in Stealth
   294 | D        | Reached XP level 7. HP: 38/40 MP: 8/8
   296 | D        | Killed a kobold demonologist
   296 | D        | Reached skill level 1 in Invocations
   310 | D        | Noticed a demonic crawler
   310 | D        | Noticed a demonic crawler
   310 | D        | Noticed a demonic crawler
   310 | D        | Noticed a demonic crawler
   312 | D        | Killed a demonic crawler
   312 | D        | Reached skill level 13 in Stealth
   312 | D        | Reached XP level 8. HP: 42/46 MP: 10/10
   313 | D        | Killed a demonic crawler
   315 | D        | Killed a demonic crawler
   315 | D        | Acquired Dithmenos's first power
   316 | D        | Killed a demonic crawler
   316 | D        | Reached skill level 10 in Throwing
   316 | D        | Reached skill level 14 in Stealth
   363 | D        | Found a deep blue altar of Sif Muna.
   364 | D        | Noticed a jelly
   365 | D        | Found a radiant altar of Vehumet.
   369 | D        | Killed a jelly
   369 | D        | Reached XP level 9. HP: 51/51 MP: 12/12
   398 | D        | Found Uzoybb's Weapon Emporium.
   398 | D        | Found a white marble altar of Elyvilon.
   398 | D        | Found a stormy altar of Qazlal.
   398 | D        | Found a burning altar of Makhleb.
   398 | D        | Found a sacrificial altar of Ru.
   398 | D        | Found a basalt altar of Yredelemnul.
   398 | D        | Found a glowing golden altar of the Shining One.
   398 | D        | Found a sparkling altar of Nemelex Xobeh.
   398 | D        | Found a shimmering altar of Xom.
   398 | D        | Found an opulent altar of Gozag.
   398 | D        | Found an ancient bone altar of Kikubaaqudgha.
   398 | D        | Found a glowing silver altar of Zin.
   398 | D        | Noticed a yak
   399 | D        | Found an iron altar of Okawaru.
   400 | D        | Killed a yak
   400 | D        | Reached skill level 10 in Short Blades
   401 | D        | Found a bloodstained altar of Trog.
   412 | D        | Noticed Sonja
   416 | D        | Killed Sonja
   416 | D        | Acquired Dithmenos's second power
   416 | D        | Reached skill level 15 in Stealth
   432 | D        | Found Pyecrag's Distillery.
   440 | D        | Bought a potion of curing for 39 gold pieces
   440 | D        | Bought a potion of curing for 39 gold pieces
   440 | D        | Bought a potion of mutation for 32 gold pieces
   440 | D        | Gained mutation: You are frail (-10% HP). [potion of mutation]
   440 | D        | Gained mutation: Your mind is acute. (Int +2) [potion of mutation]
   453 | D        | Noticed a deep troll
   457 | D        | Killed a deep troll
   473 | D        | Found Bihadd's Armour Emporium.
   482 | D        | Bought a +1 cloak of magic resistance for 198 gold pieces
   499 | D        | Killed a gargoyle
   915 | D        | Noticed a centaur warrior
   969 | D        | Killed a centaur warrior
   969 | D        | Reached skill level 5 in Invocations
  1098 | D        | Noticed a wasp
  1099 | D        | Noticed a trapdoor spider
  1099 | D        | Noticed an oklob plant
  1124 | D        | Noticed a centaur warrior
  1235 | D        | HP: 1/46 [centaur warrior (15)]
  1237 | D        | Mangled by a centaur warrior

Vault maps used:
D:        dungeon_sprint_1

Action                   |  1- 3 |  4- 6 |  7- 9 || total
-------------------------+-------+-------+-------++-------
Melee: Dagger            |     7 |     3 |    94 ||   104
 Fire: Blowgun           |     8 |       |     8 ||    16
  Use: Potion            |       |       |     8 ||     8
       Scroll            |       |       |     1 ||     1
 Stab: Sleeping          |     1 |     3 |    12 ||    16
       Distracted        |       |       |     1 ||     1
